 Dungeon Crawl Stone Soup version 0.28-a0-1389-gc726bef33b (webtiles) character file.

Game seed: 14777374034893930306

7438 kae the Transmogrifier (level 10, 0/97 HPs)
             Began as a Yellow Draconian Transmuter on Jan 3, 2022.
             Was a Follower of Ru.
             Slain by a wraith (6 damage)
             ... on level 10 of the Dungeon.
             The game lasted 00:12:23 (14590 turns).

kae the Transmogrifier (DrTm)                      Turns: 14590, Time: 00:12:24

Health: 0/97       AC:  9    Str: 12    XL:     10   Next: 93%
Magic:  9/16       EV: 11    Int: 18    God:    Ru [*.....]
Gold:   584        SH:  0    Dex: 12    Spells: 3/17 levels left

rFire   x . .      SeeInvis .     - Unarmed
rCold   + + +      Faith    .   (shield currently unavailable)
rNeg    . . .      Spirit   .   (armour unavailable)
rPois   +          Reflect  .   (helmet currently unavailable)
rElec   .          Harm     .   (cloak currently unavailable)
rCorr   .          Rampage  .   (gloves currently unavailable)
Will    .....                   (boots currently unavailable)
Stlth   +.........              (no amulet)
HPRegen 0.26/turn               c - ring of poison resistance
MPRegen 0.15/turn               (no ring)

@: ice-form, very slightly contaminated, slowed, unable to read, very slow
A: freezing attack, amphibious, boosted hp, (spit acid), AC +7, large, unfitting
armour, (cold-blooded), inability to read while threatened, (acid resistance)
a: End Transformation, Renounce Religion


You were on level 10 of the Dungeon.
You worshipped Ru.
Ru was aware of your devotion.
You were a creature of crystalline ice.
You visited 2 branches of the dungeon, and saw 11 of its levels.

You collected 654 gold pieces.
You spent 70 gold pieces at shops.

Inventory:

Missiles
 t - a throwing net
Armour
 a - a +0 cloak (melded)
 e - an orb of mayhem (melded)
Jewellery
 c - a ring of poison resistance (left front paw)
 w - a ring of fire
Wands
 f - a wand of acid (1)
 g - a wand of flame (19)
 k - a wand of digging (7)
 A - a wand of iceblast (3)
Scrolls
 b - a scroll of noise
 m - a scroll of fog
 s - a scroll of magic mapping
 u - 3 scrolls of identify
 x - a scroll of enchant armour
 y - a scroll of teleportation
Potions
 d - a potion of degeneration
 h - 3 potions of lignification
 i - a potion of brilliance
 j - 2 potions of attraction
 l - 2 potions of cancellation
 n - 4 potions of curing
 o - 2 potions of haste
 p - 3 potions of flight
 q - a potion of heal wounds
 r - a potion of magic
 v - a potion of might
 z - a potion of resistance {unknown}


   Skills:
 + Level 5.3 Fighting
 + Level 4.6 Dodging
 * Level 7.6 Unarmed Combat
 - Level 4.0 Spellcasting
 * Level 12.3 Transmutations
 - Level 5.0 Ice Magic
 - Level 1.0 Poison Magic


You had 3 spell levels left.
You knew the following spells:

 Your Spells              Type           Power      Damage    Failure   Level
b - Spider Form           Tmut/Pois      27%        N/A       3%          3
c - Ice Form              Ice/Tmut       34%        N/A       4%          4
d - Dragon Form           Tmut           23%        N/A       63%         7

Your spell library contained the following spells:

 Spells                   Type           Power      Damage    Failure   Level
 Beastly Appendage        Tmut           94%        N/A       1%          1
 Wereblood                Tmut           47%        N/A       1%          2
 Ozocubu's Armour         Ice            21%        N/A       5%          3
 Ensorcelled Hibernation  Hex/Ice        24%        N/A       8%          2
 Slow                     Hex            12%        N/A       14%         1
 Call Canine Familiar     Summ           3%         N/A       41%         3
 Dazzling Flash           Conj/Hex       6%         N/A       41%         3
 Gell's Gravitas          Tloc           3%         N/A       41%         3
 Lesser Beckoning         Tloc           3%         N/A       41%         3
 Portal Projectile        Hex/Tloc       6%         N/A       41%         3
 Teleport Other           Tloc           3%         N/A       41%         3
 Leda's Liquefaction      Hex/Erth       1%         N/A       82%         4
 Passage of Golubria      Tloc           3%         N/A       82%         4
 Agony                    Necr           3%         N/A       99%         5
 Iskenderun's Battlesphe  Conj           3%         2d6       99%         5
 Silence                  Hex/Air        1%         N/A       99%         5
 Iron Shot                Conj/Erth      1%         9d1       100%        6
 Ozocubu's Refrigeration  Ice            10%        4d7       100%        7
 Spellforged Servitor     Conj/Summ      1%         N/A       100%        7
 Lehudib's Crystal Spear  Conj/Erth      1%         10d2      100%        8


Dungeon Overview and Level Annotations

Branches:
Dungeon (10/15)            Temple (1/1) D:5             Orc (0/2) D:9
   Lair: D:8-11

Altars:
Ashenzari
Cheibriados
Dithmenos
Elyvilon
Fedhas
Gozag
Hepliaklqana
Kikubaaqudgha
Nemelex Xobeh
Okawaru
Qazlal
Ru
Sif Muna
Uskayaw
Vehumet
Wu Jian
Xom
Yredelemnul
Zin
The Shining One

Shops:
D:2 (   D:6 *   D:9 (

Annotations:
D:3 3 runed translucent doors, t4s4d4r's ghost, weakling DgFi
D:4 2 runed translucent doors, RNPValinor's ghost, amateur PaFi
D:5 2 transporters, t4s4d4r's ghost, novice DgHu


Innate Abilities, Weirdness & Mutations

You are a creature of crystalline ice.
You have a powerful freezing melee attack.
You are amphibious.
Your maximum health is increased.
Your armour is entirely melded.
You are incapable of wielding weapons or throwing items.
((You can spit globs of acid.))
((Your golden yellow scales are hard. (AC +7)))
You cannot fit into any form of body armour.
((You are cold-blooded and may be slowed by cold attacks.))
You sometimes lose the ability to read scrolls when taking damage.
((You are resistant to acid. (rCorr)))


Message History

You feel yourself slow down.
You hit the wraith but do no damage. The wraith barely misses you.
You closely miss the wraith. The wraith hits you! The wraith misses you.
You hit the wraith but do no damage.
You tail-slap the wraith, but do no damage.
The wraith barely misses you.
Casting: Ice Form (dangerous; 4% risk of failure)
Confirm with . or Enter, or press ? or * to list all spells.
You miscast Ice Form.
You are very lightly contaminated with residual magic.
Nothing appears to happen.
The wraith barely misses you.
You hit the wraith but do no damage. The wraith hits you.
The wraith drains your vigour!
You feel as though you will be slow longer.
The wraith hits you!
You feel threatened and lose the ability to read scrolls!
* * * LOW HITPOINT WARNING * * *
The wraith drains your vigour!
You feel as though you will be slow longer.
You hit the wraith but do no damage. The wraith hits you.
* * * LOW HITPOINT WARNING * * *
Casting: Ice Form (dangerous; 4% risk of failure)
Confirm with . or Enter, or press ? or * to list all spells.
You turn into a creature of crystalline ice.
Your +0 cloak melds into your body.
Your orb of mayhem melds into your body.
The wraith barely misses you. The wraith hits you.
* * * LOW HITPOINT WARNING * * *
The wraith misses you.
You punch the wraith! You freeze the wraith.
The wraith is moderately damaged.
The wraith barely misses you.
You hit the wraith.
The wraith is moderately damaged.
The wraith hits you.
* * * LOW HITPOINT WARNING * * *
The wraith drains your vigour!
You feel as though you will be slow longer.
The wraith hits you.
You die...

#......#########################
#.......................≈≈≈.
#.........................≈≈
#..........................≈
#...........................
#......#....................
#......#....................
#......######.....##.#######
#^.....#......WY...†.#
#...####...........†(# #...#
#.............# #####
##............# #>....#####..#
#............# #..............#
#..............#
................#


You could see a wraith.

Vanquished Creatures
  Harold (D:7)
  3 two-headed ogres
  Pikel (D:7)
  2 shadows (D:9)
  9 yaks
  A steam dragon (D:7)
  A water moccasin (D:8)
  A sky beast (D:8)
  A hornet zombie (D:7)
  An ice beast (D:7)
  A black bear (D:5)
  An ogre (D:6)
  2 phantoms
  3 centaurs
  A gnoll sergeant (D:9)
  2 bullfrogs (D:8)
  A kobold brigand (D:6)
  7 killer bees (D:9)
  10 wights
  3 howler monkeys
  4 centaur zombies
  2 bullfrog zombies
  3 hounds
  A jelly (D:4)
  2 orc priests
  Terence (D:2)
  An iguana (D:4)
  5 orc wizards
  Robin (D:3)
  2 howler monkey zombies
  10 gnolls
  9 adders
  3 shadow imps
  2 white imps
  An adder zombie (D:3)
  An adder skeleton (D:5)
  A worm (D:4)
  A dart slug (D:3)
  19 orcs
  3 endoplasms
  6 giant cockroaches
  12 goblins
  9 hobgoblins
  4 jackals
  10 kobolds
  2 quokkas
  A ball python (D:4)
  4 bats
  2 frilled lizards
  A quokka skeleton (D:4)
  A quokka zombie (D:3)
  8 rats
184 creatures vanquished.

Vanquished Creatures (collateral kills)
  An orc (D:6)
  An endoplasm (D:2)
  4 goblins
6 creatures vanquished.

Vanquished Creatures (others)
  An orc priest (D:6)
  A hobgoblin (D:3)
  2 withered plants (D:3)
4 creatures vanquished.

Grand Total: 194 creatures vanquished

Notes
Turn   | Place    | Note
-------+----------+-------------------------------------------
     0 | D:1      | kae the Draconian Transmuter began the quest for the Orb.
     0 | D:1      | Reached XP level 1. HP: 16/16 MP: 3/3
   543 | D:1      | Reached XP level 2. HP: 23/23 MP: 3/5
  1063 | D:2      | Reached skill level 3 in Transmutations
  1107 | D:2      | Found a faded altar of an unknown god.
  1199 | D:2      | Reached XP level 3. HP: 28/28 MP: 6/6
  1517 | D:2      | Found Wubung's Antique Weapon Boutique.
  1601 | D:2      | Noticed Terence
  1617 | D:2      | Killed Terence
  1618 | D:2      | Reached XP level 4. HP: 25/35 MP: 8/8
  1626 | D:2      | Learned a level 3 spell: Spider Form
  1631 | D:2      | Learned a level 4 spell: Ice Form
  1905 | D:3      | Found an ornate altar of the Wu Jian Council.
  1949 | D:3      | Reached skill level 4 in Transmutations
  1958 | D:3      | Found a broken altar of Ashenzari.
  2206 | D:3      | Noticed Robin
  2237 | D:3      | Killed Robin
  2488 | D:3      | Found an ancient bone altar of Kikubaaqudgha.
  2591 | D:3      | Found a runed translucent gate.
  2591 | D:3      | Found a runed translucent gate.
  2591 | D:3      | Found a runed translucent gate.
  2591 | D:3      | Noticed t4s4d4r's ghost (weakling DgFi)
  2630 | D:3      | Found a basalt altar of Yredelemnul.
  2662 | D:3      | Reached XP level 5. HP: 40/40 MP: 9/9
  2824 | D:3      | Identified a scroll of acquirement
  2824 | D:3      | Acquired the Grimoire of the Oath and Transformation
  2861 | D:4      | Reached skill level 1 in Ice Magic
  2861 | D:4      | Reached skill level 1 in Poison Magic
  2944 | D:4      | Noticed a phantom
  2945 | D:4      | Found a large runed translucent door.
  2959 | D:4      | Killed a phantom
  2995 | D:4      | Found a large runed translucent door.
  2997 | D:4      | Noticed RNPValinor's ghost (amateur PaFi)
  3020 | D:4      | Reached XP level 6. HP: 4/47 MP: 7/11
  3049 | D:4      | Reached skill level 5 in Transmutations
  3064 | D:4      | HP: 2/47 [orc (3)]
  3956 | D:4      | Found an opulent altar of Gozag.
  4061 | D:4      | Found a sparkling altar of Nemelex Xobeh.
  4266 | D:5      | Entered Level 5 of the Dungeon
  4441 | D:5      | Found a hide-covered altar of Uskayaw.
  4577 | D:5      | Your scales start taking on a golden yellow colour.
  4577 | D:5      | Reached XP level 7. HP: 44/52 MP: 12/12
  4577 | D:5      | Gained mutation: You are resistant to acid. (rCorr) [Yellow
                  | Draconian growth]
  4676 | D:5      | Reached skill level 6 in Transmutations
  4843 | D:5      | Found a transporter.
  4843 | D:5      | Noticed t4s4d4r's ghost (novice DgHu)
  4843 | D:5      | Noticed a gargoyle
  4870 | D:5      | Found a transporter.
  4914 | D:5      | Found a staircase to the Ecumenical Temple.
  4995 | D:5      | Found a shadowy altar of Dithmenos.
  5596 | D:6      | Found Enwex's General Store.
  5604 | D:6      | Bought a potion of curing for 30 gold pieces
  5604 | D:6      | Bought 2 scrolls of identify for 40 gold pieces
  5697 | D:6      | Reached skill level 7 in Transmutations
  6397 | D:7      | Reached XP level 8. HP: 51/59 MP: 9/14
  7360 | D:7      | Reached skill level 8 in Transmutations
  7863 | D:7      | HP: 3/69 [hornet zombie (11)]
  7870 | D:7      | Reached skill level 5 in Ice Magic
  8182 | D:7      | Noticed Harold
  8485 | D:7      | Killed Harold
  8486 | D:7      | Reached skill level 10 in Transmutations
  8486 | D:7      | Reached XP level 9. HP: 64/64 MP: 7/15
  8601 | D:7      | Learned a level 7 spell: Dragon Form
  8719 | D:7      | Noticed Pikel
  8730 | D:7      | Killed Pikel
  9718 | Temple   | Entered the Ecumenical Temple
  9955 | Temple   | Became a worshipper of Ru the Awakened
 10453 | D:8      | Identified the +1 pair of boots of Baleful Intercession
                  | {-Tele Int-5 Dex+3 SInv}
 10671 | D:8      | Reached skill level 5 in Unarmed Combat
 10671 | D:8      | Reached skill level 11 in Transmutations
 11163 | D:8      | Reached XP level 10. HP: 72/77 MP: 13/16
 12429 | D:9      | Gained mutation: You sometimes lose the ability to read
                  | scrolls when taking damage. [Ru sacrifice]
 12429 | D:9      | Reached * piety under Ru
 12602 | D:9      | Found a staircase to the Orcish Mines.
 12718 | D:9      | Found Gihi's Weapon Emporium.
 12894 | D:9      | Noticed a two-headed ogre
 12901 | D:9      | Killed a two-headed ogre
 12909 | D:9      | HP: 5/118 [something (3)]
 12914 | D:9      | HP: 5/118 [howler monkey zombie (2)]
 13821 | D:10     | Entered Level 10 of the Dungeon
 14096 | D:10     | Noticed a two-headed ogre
 14103 | D:10     | Killed a two-headed ogre
 14231 | D:10     | Noticed a two-headed ogre
 14239 | D:10     | Killed a two-headed ogre
 14240 | D:10     | Reached skill level 5 in Fighting
 14240 | D:10     | Reached skill level 12 in Transmutations
 14590 | D:10     | Slain by a wraith

Illustrated notes

Levels and vault maps discovered:
D:1:      sevenhm_arrival_forest_fort_small_4, layout_basic
D:2:      layout_rooms, serial_shops, shop,
          shapermc_ecumenical_altar_notcrosses, minmay_tripent, uniq_terence
D:3:      layout_basic, mainiacjoe_overflow_tiny_flanked,
          nicolae_yredelemnul_ghost_church, mainiacjoe_overflow_boulevard,
          kiku_gazebo_garden_becter, uniq_robin
D:4:      layout_cave_pools, grunt_gozag_breadcrumbs,
          nemelex_diamond_rough_becter, ebering_ghost_disaster_area,
          nicolae_ossuary_entry_ruins
D:5:      layout_basic, kennysheep_mini, lemuel_round_altar,
          minmay_temple_entry_from_below_a, gammafunk_ghost_arena
D:6:      layout_basic, serial_shops, nicolae_square_shop, chequers_mini_garden
D:7:      layout_layer_cave, uniq_harold, uniq_pikel
D:8:      layout_loops_ring, serial_co_window_serial, co_window_corner_a,
          co_window_cross_1, co_window_paths_a, co_window_paths_b,
          co_window_of_opportunity_a, co_window_2corner,
          co_window_of_opportunity_b, co_window_corner_cb, co_window_broadway_b,
          co_window_paths_d, glass_columns_a, glass_columns_a
D:9:      layout_loops_corners, orc_0_dummy, serial_shops, kennysheep_mini_moat,
          minmay_fractal_squares_gapless_5
D:10:     layout_grid_maze, mainiacjoe_overflow_concentric_impassable,
          makhleb_altar_promises_db, serial_rivers,
          chequers_serial_rivers_small_a, chequers_serial_rivers_micro_c,
          chequers_serial_rivers_large_b, chequers_serial_rivers_micro_c,
          chequers_serial_rivers_room_b, minivault_13
Temple:   minmay_temple_bridge_abc

Skill      XL: |  1  2  3  4  5  6  7  8  9 10 |
---------------+-------------------------------+-----
Transmutations | 3 4 5 7 10 11 12 | 12.3
Spellcasting   | 3 4 |  4.0
Ice Magic      | 1 2 4 5 |  5.0
Poison Magic   | 1 |  1.0
Fighting       | 3 5 |  5.3
Dodging        | 3 4 |  4.6
Unarmed Combat | 5 7 |  7.6

Action                   |  1- 3 |  4- 6 |  7- 9 | 10-12 || total
-------------------------+-------+-------+-------+-------++-------
Melee: Unarmed           |    98 |   173 |   281 |   143 ||   695
       Tailslap          |    10 |    15 |     2 |     1 ||    28
       Headbutt          |     9 |    10 |       |       ||    19
       Kick              |     8 |    22 |       |       ||    30
 Cast: Beastly Appendage |    19 |    19 |       |       ||    38
       Spider Form       |       |    11 |    10 |       ||    21
       Ice Form          |       |       |    24 |    16 ||    40
Invok: Sacrifice Words   |       |       |       |     1 ||     1
 Abil: Breathe Acid      |       |       |     5 |       ||     5
Evoke: Wand              |       |     2 |       |     5 ||     7
  Use: Scroll            |     7 |     5 |    10 |     3 ||    25
       Potion            |       |     2 |     3 |     3 ||     8
 Stab: Sleeping          |     1 |       |       |       ||     1
Armor: Skin              |    43 |    59 |    80 |    60 ||   242
Dodge: Dodged            |    84 |   158 |   184 |    58 ||   484

Table legend: (Time is in decaauts)
 A = Elapsed time spent in this place.
 B = Non-inter-level travel time spent in this place.
 C = Inter-level travel time spent in this place.
 D = Time resting spent in this place.
 E = Time spent auto-exploring this place.
 F = Levels seen in this place.
 G = Mean time per level.
                   A        B        C        D        E       F      G
               +--------+--------+--------+--------+--------+-----+--------+
         Total |  14622 |  14090 |    532 |   1118 |  11224 |  11 | 1329.3 |
       Dungeon |  14349 |  13866 |    483 |   1118 |  11010 |  10 | 1434.9 |
        Temple |    272 |    223 |     49 |      0 |    214 |   1 |  272.0 |
               +--------+--------+--------+--------+--------+-----+--------+

Top non-repeatable levels by time:
     D:7: 3174 daAuts
     D:9: 1964 daAuts
     D:6: 1752 daAuts
     D:3: 1639 daAuts
     D:8: 1470 daAuts
     D:1: 1047 daAuts
     D:5: 905 daAuts
    D:10: 817 daAuts
     D:4: 799 daAuts
     D:2: 777 daAuts
  Temple: 272 daAuts
